 Dungeon Crawl Stone Soup version 0.28-a0-794-gafe8c5f9e9 (webtiles) character file.

Game seed: 6651576436260220005

830 ianfitz1987 the Cudgeller (level 7, -8/68 HPs)
             Began as a Troll Abyssal Knight on Nov 6, 2021.
             Was a Priest of Lugonu.
             Mangled by Ska's ghost (12 damage)
             ... on level 5 of the Dungeon.
             The game lasted 00:17:14 (3467 turns).

ianfitz1987 the Cudgeller (Troll Abyssal Knight)    Turns: 3467, Time: 00:17:15

Health: -8/68      AC:  5    Str: 24      XL:     7   Next: 65%
Magic:  7/7        EV: 10    Int:  6      God:    Lugonu [***...]
Gold:   53         SH:  0    Dex: 11 (16) Spells: 5/6 levels left

rFire   . . .      SeeInvis .   n - +4 quarterstaff (chaos)
rCold   . . .      Faith    .   (shield currently unavailable)
rNeg    . . .      Spirit   .   b - +0 robe
rPois   +          Reflect  .   (helmet restricted)
rElec   .          Harm     .   r - +0 cloak {rPois}
rCorr   .          Rampage  .   (gloves unavailable)
Will    .....                   (boots unavailable)
Stlth   +.........              (no amulet)
HPRegen 1.21/turn               k - +6 ring of dexterity
MPRegen 0.10/turn               (no ring)

@: no status effects
A: large, unfitting armour, claws 3, regeneration 1, shaggy fur 1, tough skin 1
a: Renounce Religion, Depart the Abyss, Bend Space, Banish


You were on level 5 of the Dungeon.
You worshipped Lugonu.
Lugonu was most pleased with you.
You visited 1 branch of the dungeon, and saw 5 of its levels.
You visited the Abyss 1 time.

You collected 255 gold pieces.
You spent 202 gold pieces at shops.

Inventory:

Hand Weapons
 a - a +1 mace
 n - a +4 quarterstaff of chaos (weapon)
Armour
 b - a +0 robe (worn)
 r - a +0 cloak of poison resistance (worn)
Jewellery
 k - a +6 ring of dexterity (left claw)
 o - an amulet of magic regeneration
Wands
 m - a wand of flame (16)
Scrolls
 e - a scroll of teleportation
 f - 3 scrolls of blinking
 l - a scroll of amnesia
 p - a scroll of noise {unknown}
 s - a scroll of enchant weapon {unknown}
 t - a scroll of identify
Potions
 c - a potion of heal wounds
 d - a potion of degeneration {unknown}
 g - 4 potions of curing {unknown}
 h - a potion of flight
 i - 2 potions of resistance {unknown}
 j - a potion of might {unknown}
 q - a potion of haste {unknown}


   Skills:
 + Level 3.8 Fighting
 + Level 4.9(5.3) Maces & Flails
 + Level 2.5(3.9) Staves
 + Level 4.0 Dodging
 + Level 1.1 Stealth
 + Level 1.6 Invocations


You had 5 spell levels left.
You knew the following spells:

 Your Spells              Type           Power      Damage    Failure   Level
a - Slow                  Hex            0%         N/A       45%         1

Your spell library contained the following spells:

 Spells                   Type           Power      Damage    Failure   Level
 Animate Skeleton         Necr           0%         N/A       45%         1
 Apportation              Tloc           0%         N/A       45%         1
 Pain                     Necr           0%         1d4       45%         1
 Blink                    Tloc           0%         N/A       58%         2
 Confusing Touch          Hex            0%         N/A       83%         3
 Vampiric Draining        Necr           0%         2d6       83%         3
 Alistair's Intoxication  Tmut/Pois      0%         N/A       100%        5
 Manifold Assault         Tloc           0%         N/A       100%        5
 Yara's Violent Unravell  Hex/Tmut       0%         3d3       100%        5
 Invisibility             Hex            0%         N/A       100%        6
 Storm Form               Tmut/Air       0%         N/A       100%        7


Dungeon Overview and Level Annotations

Branches:
Dungeon (5/15)
 Temple: D:4-7

Altars:
Sif Muna

Shops:
D:4 *

Annotations:
D:5 1 transporter, Ska's ghost, amateur FeBe


Innate Abilities, Weirdness & Mutations

You are too large for most types of armour.
You have claws for hands.
Your natural rate of healing is unusually fast.
You are covered in fur. (AC +1)
You have tough skin. (AC +1)


Message History

The quasit closely misses you. x2; Ska's ghost hits you.
You miss the quasit. The quasit closely misses you.
The quasit claws you but does no damage.
The quasit barely misses you. The quasit bites you.
The quasit claws you but does no damage.
The quasit barely misses you. x2; The quasit misses you.
The quasit claws you but does no damage.
Ska's ghost hits you!
* * * LOW HITPOINT WARNING * * *
The quasit barely misses you.
The quasit claws you but does no damage. x2
The quasit bites you but does no damage.
The quasit claws you but does no damage. x2
The quasit bites you but does no damage.
The quasit closely misses you.
The quasit claws you but does no damage.
You closely miss the quasit. The quasit barely misses you.
The quasit claws you but does no damage.
The quasit claws you.
* * * LOW HITPOINT WARNING * * *
The quasit barely misses you. The quasit claws you.
* * * LOW HITPOINT WARNING * * *
The quasit claws you but does no damage.
The quasit bites you.
* * * LOW HITPOINT WARNING * * *
The quasit claws you but does no damage.
The quasit closely misses you. Ska's ghost hits you.
* * * LOW HITPOINT WARNING * * *
You sock the quasit! You freeze the quasit.
The quasit is heavily wounded.
The quasit bites you but does no damage.
The quasit barely misses you. The quasit claws you.
* * * LOW HITPOINT WARNING * * *
You feel clumsy.
The quasit bites you but does no damage.
The quasit completely misses you. The quasit closely misses you.
The quasit bites you but does no damage.
The quasit claws you but does no damage.
The quasit barely misses you. Ska's ghost hits you!
You die...

.............................
...#.....#####...#..........
###+#...###.©.###.#.......#..
#...)..##.......#.##......+..
#......#..#.#...#.##......#..
#......#..#.#...#..#.........
#####..##.....#.##.#.........
#...#..#5..#. #.........
#..©#(=5@# .#.........
##..#$#W5...# ........#..
#.##.#...#.# ..##.#..'.. #.#
.#.##..# #..#.#.. #.# ... ...
#†...... #.# ..#. ..##
#....##. #.. .... ## #....##.
##.##.### #.#..).. #.#.>...


You could see 3 quasits and Ska's ghost.

Vanquished Creatures
  A necrophage (D:4)
  An ogre (D:5)
  2 phantoms
  A scorpion (D:4)
  A howler monkey (D:4)
  A jelly (D:5)
  A quasit (D:5)
  Crazy Yiuf (D:3)
  2 hounds (D:5)
  A centaur skeleton (D:5)
  Jessica (D:3)
  An iguana (D:5)
  Terence (D:3)
  Ijyb (D:3)
  7 adders
  A dart slug (D:4)
  3 worms
  2 orcs
  9 bats
  6 endoplasms
  4 giant cockroaches
  4 goblins
  7 hobgoblins
  2 quokkas (D:2)
  7 ball pythons
  2 frilled lizards (D:1)
  4 kobolds
  11 rats
85 creatures vanquished.

Vanquished Creatures (others)
  11 plants
11 creatures vanquished.

Grand Total: 96 creatures vanquished

Notes
Turn   | Place    | Note
-------+----------+-------------------------------------------
     0 | Abyss:1  | ianfitz1987 the Troll Abyssal Knight began the quest for
                  | the Orb.
     0 | Abyss:1  | Reached XP level 1. HP: 22/22 MP: 1/1
     0 | D:1      | Escaped the Abyss
    32 | D:1      | You fall into a shaft and drop 1 floor!
    44 | D:2      | Reached * piety under Lugonu
    68 | D:2      | Reached XP level 2. HP: 29/29 MP: 2/2
   360 | D:1      | Found a faded altar of an unknown god.
   993 | D:2      | Reached XP level 3. HP: 36/36 MP: 3/3
  1255 | D:2      | Reached ** piety under Lugonu
  1639 | D:3      | Found a shimmering blue altar of Sif Muna.
  1715 | D:3      | Noticed Terence
  1726 | D:3      | Reached XP level 4. HP: 10/44 MP: 4/4
  1741 | D:3      | Killed Terence
  1911 | D:3      | Reached XP level 5. HP: 53/53 MP: 5/5
  1944 | D:3      | Found a runed translucent door.
  1945 | D:3      | Noticed Crazy Yiuf
  2240 | D:3      | Noticed Ijyb
  2253 | D:3      | Killed Ijyb
  2284 | D:3      | Learned a level 1 spell: Slow
  2297 | D:3      | Noticed Jessica
  2311 | D:3      | Killed Jessica
  2440 | D:3      | Killed Crazy Yiuf
  2535 | D:4      | Reached XP level 6. HP: 59/61 MP: 6/6
  2608 | D:4      | Reached *** piety under Lugonu
  2900 | D:4      | Found Qaeplaom's Assorted Antiques.
  2917 | D:4      | Bought a runed cloak for 202 gold pieces
  3114 | D:5      | Entered Level 5 of the Dungeon
  3128 | D:5      | Reached XP level 7. HP: 23/67 MP: 7/7
  3130 | D:5      | Reached skill level 1 in Staves
  3130 | D:5      | Reached skill level 1 in Stealth
  3416 | D:5      | Found a transporter.
  3442 | D:5      | Found a transporter.
  3453 | D:5      | Noticed Ska's ghost (amateur FeBe)
  3467 | D:5      | Mangled by Ska's ghost

Illustrated notes

Levels and vault maps discovered:
D:1:      ncdulo_smallfort, layout_loops_ring,
          dilly_ecumenical_altar_fadedgnrine, chequers_serial_rivers_small_b,
          chequers_jeans
D:2:      minmay_chambers_of_twos, layout_basic
D:3:      layout_rooms, mainiacjoe_overflow_boulevard, minmay_misc_feat_iff,
          uniq_ijyb, uniq_jessica, uniq_crazy_yiuf_cottage, uniq_terence
D:4:      layout_rooms, serial_shops, nicolae_shop_overgrown_old_shop
D:5:      layout_basic, gammafunk_ghost_stat_death, portal_sewer_entry_e,
          chequers_arboretum, hangedman_abyss_or_decor_passed

Skill      XL: |  1  2  3  4  5  6  7 |
---------------+----------------------+-----
Dodging        | 2 3 4 |  4.0
Maces & Flails | 2 3 4 |  4.9
Fighting       | 3 |  3.8
Staves         | 2 |  2.5
Stealth        | 1 |  1.1
Invocations    | |  1.6

Action                   |  1- 3 |  4- 6 |  7- 9 || total
-------------------------+-------+-------+-------++-------
Melee: Mace              |   133 |    77 |       ||   210
       Quarterstaff      |       |    48 |    34 ||    82
Invok: Depart the Abyss  |     1 |       |       ||     1
  Use: Scroll            |     5 |     1 |       ||     6
       Potion            |       |     2 |     1 ||     3
 Stab: Sleeping          |     2 |       |       ||     2
       Confused          |       |       |     1 ||     1
Armor: Robe              |    83 |    40 |    46 ||   169
Dodge: Dodged            |   129 |    85 |    77 ||   291

Table legend: (Time is in decaauts)
 A = Elapsed time spent in this place.
 B = Non-inter-level travel time spent in this place.
 C = Inter-level travel time spent in this place.
 D = Time resting spent in this place.
 E = Time spent auto-exploring this place.
 F = Levels seen in this place.
 G = Mean time per level.
                   A        B        C        D        E       F      G
               +--------+--------+--------+--------+--------+-----+--------+
         Total |   3535 |   3535 |      0 |      0 |   1528 |   6 |  589.2 |
       Dungeon |   3535 |   3535 |      0 |      0 |   1528 |   5 |  707.0 |
         Abyss |      0 |      0 |      0 |      0 |      0 |   1 |    0.0 |
               +--------+--------+--------+--------+--------+-----+--------+

Top non-repeatable levels by time:
     D:3: 907 daAuts
     D:1: 857 daAuts
     D:2: 816 daAuts
     D:4: 594 daAuts
     D:5: 358 daAuts
